 Dungeon Crawl Stone Soup version 0.29.1-1-gd02db6906a (console) character file.

Game seed: 16844682273030515461

21260 om the Spry (level 12, -22/88 HPs)
             Began as a Merfolk Berserker on Oct 18, 2022.
             Was an Elder of Trog.
             Killed from afar by Jorgrun (42 damage)
             ... with an iron shot
             ... on level 13 of the Dungeon.
             The game lasted 00:26:22 (18043 turns).

om the Spry (Merfolk Berserker)                    Turns: 18043, Time: 00:26:22

Health: -22/88     AC: 18    Str: 22    XL:     12   Next: 88%
Magic:  12/12      EV: 17    Int: 12    God:    Trog [****..]
Gold:   893        SH:  5    Dex: 20    Spells: 11/11 levels left

rFire   . . .      SeeInvis .   h - +0 scythe
rCold   . . .      Faith    .   (shield currently unavailable)
rNeg    . . .      Spirit   .   n - +3 chain mail
rPois   .          Reflect  +   e - +0 helmet
rElec   .          Harm     .   y - +0 cloak
rCorr   .          Rampage  .   b - +0 pair of gloves
Will    ++...                   (no boots)
Stlth   ..........              v - amulet of reflection
HPRegen 1.24/turn               C - +6 ring of intelligence
MPRegen 0.13/turn               I - +6 ring of dexterity

@: strong-willed, regenerating
A: (nimble swimmer 2), mertail
a: Renounce Religion, Berserk, Trog's Hand, Brothers in Arms


You were on level 13 of the Dungeon.
You worshipped Trog.
Trog was greatly pleased with you.
You visited 1 branch of the dungeon, and saw 14 of its levels.

You collected 893 gold pieces.

Inventory:

Hand Weapons
 h - a +0 scythe (weapon)
 u - a +1 dagger of venom
 F - a +0 trident
Armour
 b - a +0 pair of gloves (worn)
 e - a +0 helmet (worn)
 n - a +3 chain mail (worn)
 y - a +0 cloak (worn)
Jewellery
 t - a ring of ice
 v - an amulet of reflection (around neck)
 C - a +6 ring of intelligence (left hand)
 I - a +6 ring of dexterity (right hand)
Wands
 o - a wand of paralysis (2)
 q - a wand of roots (10)
 r - a wand of polymorph (12)
 z - a wand of light (14)
 G - a wand of flame (15)
Scrolls
 a - a scroll of fear
 f - 3 scrolls of teleportation
 k - 4 scrolls of enchant weapon
 m - 2 scrolls of silence
 p - 2 scrolls of blinking
 s - 4 scrolls of immolation
 x - a scroll of amnesia {unknown}
 A - a scroll of fog
 B - a scroll of magic mapping
 H - a scroll of enchant armour {unknown}
 J - a scroll of poison {unknown}
Potions
 c - 4 potions of haste
 d - a potion of cancellation
 g - 2 potions of heal wounds
 i - a potion of resistance
 l - 2 potions of flight
 w - a potion of invisibility
 D - 5 potions of curing


   Skills:
 + Level 6.1 Fighting
 + Level 15.4 Polearms
 + Level 8.3 Armour
 + Level 15.4 Dodging
 + Level 5.9 Evocations


You had 11 spell levels left.
You didn't know any spells.
Your spell library was empty.

Dungeon Overview and Level Annotations

Branches:
Dungeon (14/15)            Temple (0/1) D:5            Lair (0/5) D:11
    Orc (0/2) D:11
 Vaults: D:13-14

Altars:
Cheibriados
Dithmenos
Elyvilon
Gozag
Kikubaaqudgha
Makhleb
Okawaru
Qazlal
Uskayaw
Vehumet
Zin

Shops:
D:7 *[   D:9 =   D:11 :[

Annotations:
D:3 2 transporters, safid's ghost, amateur MiHu
D:13 Jorgrun


Innate Abilities, Weirdness & Mutations

((You are very nimble when in or above water. (Stealth+, EV+, Speed+++)))
Your lower body shifts to a powerful aquatic tail in water.


Message History

The helpless boulder beetle fails to defend itself.
You hit the boulder beetle but do no damage.
The helpless boulder beetle fails to defend itself.
You hit the boulder beetle but do no damage.
The helpless boulder beetle fails to defend itself.
You slice the boulder beetle!!
The boulder beetle is moderately wounded.
You recover from your berserk rage.
The helpless boulder beetle fails to defend itself.
You slash the boulder beetle!
The boulder beetle is moderately wounded.
The helpless boulder beetle fails to defend itself.
You impale the boulder beetle!!
The boulder beetle is heavily wounded.
The helpless boulder beetle fails to defend itself.
You impale the boulder beetle!!
The boulder beetle is almost dead.
The helpless boulder beetle fails to defend itself.
You slash the boulder beetle!
You kill the boulder beetle!
Trog accepts your kill.
You see here a boulder beetle corpse.
You start resting.
A brown ugly thing comes into view.
The brown ugly thing gurgles horribly!
Found a stone staircase leading down.
There is a stone staircase leading down here.
Found an escape hatch in the floor.
A sourceless malevolence fills the Dungeon... and a teleportation trap spontaneously manifests!
You are yanked towards a nearby monster!
Your surroundings suddenly seem different.
Jorgrun Earthshaker comes into view.
He is wielding a +0 vorpal quarterstaff.
Found 13 gold pieces.
Jorgrun shouts!
Your skin crawls.
You feel strong-willed. Trog will no longer gift you weapons.
Jorgrun casts a spell at you. The iron shot hits you!!!
You die...

###............
...............
#..............
#.........$....
#......g.......
#..............
...............
.......@.....#
..##########.#


You could see Jorgrun.

Vanquished Creatures
  A boulder beetle (D:13)
  3 two-headed ogres
  Pikel (D:6)
  A deep elf pyromancer (D:12)
  A wolf spider (D:12)
  2 manticores
  2 cyclopes
  Maurice (D:11)
  Maggie (D:8)
  A gargoyle (D:11)
  2 kobold demonologists (D:14)
  An unseen horror (D:11)
  A komodo dragon (D:11)
  7 trolls
  Prince Ribbit (D:8)
  Sigmund (D:2)
  A vampire (D:11)
  A shadow (D:11)
  33 yaks
  A basilisk (D:12)
  A wraith (D:12)
  A steam dragon (D:9)
  8 vampire mosquitoes (D:11)
  2 water moccasins
  14 orc warriors
  An ice beast (D:5)
  A sky beast (D:7)
  2 black bears
  4 ogres
  4 phantoms
  8 centaurs
  2 kobold brigands (D:14)
  A necrophage (D:5)
  4 bullfrogs
  3 scorpions
  4 wights (D:10)
  15 killer bees
  3 howler monkeys
  3 hounds
  3 jellies
  11 orc priests
  3 iguanas
  14 orc wizards
  4 gnolls (D:2)
  11 adders
  3 shadow imps (D:5)
  5 white imps
  An ufetubus (D:4)
  2 worms (D:2)
  A dart slug (D:4)
  59 orcs
  6 endoplasms
  6 giant cockroaches
  10 goblins
  9 hobgoblins
  2 jackals (D:2)
  12 kobolds
  6 quokkas
  3 ball pythons
  4 bats
  2 frilled lizards (D:1)
  A rat (D:1)
322 creatures vanquished.

Vanquished Creatures (others)
  An orc wizard (D:10)
  A butterfly (D:12)
  15 plants (D:11)
17 creatures vanquished.

Grand Total: 339 creatures vanquished

Notes
Turn   | Place    | Note
-------+----------+-------------------------------------------
     0 | D:1      | om the Merfolk Berserker began the quest for the Orb.
     0 | D:1      | Reached XP level 1. HP: 18/18 MP: 1/1
   299 | D:1      | Reached XP level 2. HP: 8/24 MP: 2/2
  1324 | D:2      | Noticed Sigmund
  1344 | D:2      | Killed Sigmund
  1345 | D:2      | Reached XP level 3. HP: 16/30 MP: 3/3
  1345 | D:2      | Reached XP level 4. HP: 19/37 MP: 4/4
  1345 | D:2      | Reached XP level 5. HP: 22/42 MP: 5/5
  2119 | D:2      | Reached XP level 6. HP: 35/48 MP: 6/6
  2895 | D:3      | Reached ** piety under Trog
  2985 | D:3      | Identified the +7 great mace of Quantum Leap {antimagic,
                  | Fly rC+++ rCorr}
  2986 | D:3      | Found a transporter.
  2992 | D:3      | Noticed safid's ghost (amateur MiHu)
  3009 | D:3      | Found a transporter.
  3991 | D:4      | Reached XP level 7. HP: 41/54 MP: 7/7
  4559 | D:4      | Reached skill level 5 in Dodging
  4758 | D:4      | Found an opulent altar of Gozag.
  4855 | D:5      | Entered Level 5 of the Dungeon
  4875 | D:5      | Reached skill level 1 in Evocations
  4889 | D:5      | Found an ancient bone altar of Kikubaaqudgha.
  5059 | D:5      | Reached *** piety under Trog
  5369 | D:5      | Found a staircase to the Ecumenical Temple.
  5426 | D:5      | Reached XP level 8. HP: 56/60 MP: 8/8
  6160 | D:6      | Reached skill level 5 in Evocations
  6406 | D:6      | Reached XP level 9. HP: 34/66 MP: 9/9
  6631 | D:6      | Found an iron altar of Okawaru.
  6691 | D:6      | Found a burning altar of Makhleb.
  6863 | D:6      | Found a hide-covered altar of Uskayaw.
  6872 | D:6      | Reached skill level 5 in Fighting
  6982 | D:6      | Found a radiant altar of Vehumet.
  7111 | D:6      | Noticed Pikel
  7127 | D:6      | Killed Pikel
  7365 | D:6      | Found a snail-covered altar of Cheibriados.
  7700 | D:7      | Found Datzuad's Antique Armour Boutique.
  8328 | D:7      | Found Zeva's General Store.
  8736 | D:8      | Reached XP level 10. HP: 74/74 MP: 10/10
  8742 | D:8      | Reached skill level 10 in Dodging
  8928 | D:8      | Noticed Prince Ribbit
  8946 | D:8      | Killed Prince Ribbit
  9082 | D:8      | Noticed Maggie
  9094 | D:8      | Killed Maggie
  9498 | D:8      | Noticed a manticore
  9509 | D:8      | Killed a manticore
  9720 | D:9      | Found a shadowy altar of Dithmenos.
  9720 | D:9      | Found a white marble altar of Elyvilon.
  9999 | D:9      | Found Idwionen's Jewellery Boutique.
 10100 | D:9      | Reached **** piety under Trog
 10297 | D:9      | Reached skill level 15 in Polearms
 10616 | D:9      | Found a stormy altar of Qazlal.
 10706 | D:9      | Noticed a two-headed ogre
 10715 | D:9      | Killed a two-headed ogre
 10716 | D:9      | Reached XP level 11. HP: 79/79 MP: 11/11
 10771 | D:9      | Reached skill level 5 in Armour
 11093 | D:10     | Entered Level 10 of the Dungeon
 12241 | D:10     | Noticed a two-headed ogre
 12253 | D:10     | Killed a two-headed ogre
 12799 | D:11     | Found Piur's Book Boutique.
 13191 | D:11     | Found a staircase to the Orcish Mines.
 13192 | D:11     | Found Vogotaf's Armour Boutique.
 13514 | D:11     | Reached ***** piety under Trog
 13592 | D:11     | Reached XP level 12. HP: 73/86 MP: 12/12
 13836 | D:11     | Noticed Maurice
 13874 | D:11     | Killed Maurice
 14045 | D:11     | Found a staircase to the Lair.
 14076 | D:11     | You fall into a shaft and drop 1 floor!
 14107 | D:12     | Found a white marble altar of Elyvilon.
 16047 | D:12     | Reached skill level 15 in Dodging
 16107 | D:12     | Noticed a two-headed ogre
 16116 | D:12     | Killed a two-headed ogre
 17794 | D:11     | You fall into a shaft and drop 3 floors!
 17935 | D:14     | Found a glowing silver altar of Zin.
 17967 | D:14     | Noticed a centaur warrior
 17970 | D:14     | Noticed a six-headed hydra
 17970 | D:14     | Noticed a boulder beetle
 17981 | D:14     | HP: 3/87 [centaur warrior/arrow (9)]
 17993 | D:13     | Noticed a boulder beetle
 18013 | D:13     | Killed a boulder beetle
 18042 | D:13     | Noticed Jorgrun
 18043 | D:13     | Killed from afar by Jorgrun

Illustrated notes

Levels and vault maps discovered:
D:1:      psy_arrival_conway, layout_basic
D:2:      layout_loops_ring, uniq_sigmund
D:3:      minmay_angry_zag, layout_loops_corners, gammafunk_ghost_smash
D:4:      layout_gridville, grunt_gozag_statues
D:5:      minmay_diamond_boxcup, layout_cave_pools,
          mainiacjoe_overflow_24_doors, minmay_temple_entry_enclosed_plants
D:6:      layout_loops_corners, mainiacjoe_overflow_big_doors,
          makhleb_blood_cavern_becter, okawaru_gym_becter, cheibriados_altar_1,
          uniq_pikel
D:7:      layout_basic, serial_shops, kennysheep_mini_moat, shop
D:8:      layout_loops_ring, minmay_microvault, uniq_prince_ribbit1, uniq_maggie
D:9:      layout_basic, kennysheep_little_box, gammafunk_temple_overflow_wave,
          serial_shops, nicolae_shop_trees, chequers_serial_rivers_large_a,
          minivault_16, chequers_serial_rivers_large_b, minivault_27,
          minmay_stone_trees_small
D:10:     layout_small_grid, kennysheep_donut
D:11:     layout_roguey, david_lair_shrubbed, orc_david_3, serial_shops, shop,
          uniq_maurice
D:12:     layout_roguey [special_room_orc], serial_rivers,
          chequers_serial_rivers_room_a, chequers_serial_rivers_marsh,
          chequers_serial_rivers_room_a, chequers_serial_rivers_small_b,
          chequers_serial_rivers_small_3, nicolae_elyvilon_peaceful_grove
D:13:     layout_long_grid, uniq_rupert, uniq_erolcha, uniq_jorgrun, uniq_sonja
D:14:     layout_loops_ring, lightli_vaults_fourway_checkpoint,
          dreamdust_princess_corridor, zin_academy

Skill      XL: |  1  2  3  4  5  6  7  8  9 10 11 12 |
---------------+-------------------------------------+-----
Dodging        | 4 5 7 9 11 13 15 | 15.4
Fighting       | 4 5 6 |  6.1
Polearms       | 6 7 8 9 12 15 | 15.4
Armour         | 2 3 4 7 8 |  8.3
Evocations     | 2 5 |  5.9

Action                   |  1- 3 |  4- 6 |  7- 9 | 10-12 || total
-------------------------+-------+-------+-------+-------++-------
Melee: Spear             |    70 |       |       |       ||    70
       Punch             |     1 |       |       |       ||     1
       Halberd           |       |   169 |   343 |   869 ||  1381
       Tailslap          |       |       |       |     4 ||     4
Invok: Berserk           |     2 |       |     8 |    22 ||    32
       Trog's Hand       |       |       |       |     1 ||     1
Evoke: Wand              |       |       |       |    12 ||    12
  Use: Scroll            |       |     9 |     5 |     8 ||    22
       Potion            |       |       |     2 |     4 ||     6
 Stab: Sleeping          |     2 |     2 |       |       ||     4
       Paralysed         |       |       |       |    25 ||    25
Armor: Animal skin       |     5 |    10 |       |       ||    15
       Chain mail        |       |    50 |   160 |   311 ||   521
Dodge: Dodged            |    13 |    82 |   118 |   446 ||   659
Block: Other             |       |       |    39 |   169 ||   208
       Reflection        |       |       |     2 |     1 ||     3
